cohdb
Replays
Latest Replays
All Replays
Popular Replays
Top Player Replays
Match Explorer
How It Works
Community
CoH3 Stats
Reddit
Sign in to upload your games and track your stats! →
Sign in with Steam
Match 25545936
Unlisted
Match 25545936
Overview
Messages
Build Orders
End
Panzergrenadier Squad
250 Light Carrier
Construct Light Support Kompanie
250 Light Carrier
Combat Half-tracks
Selects Armored Support Battlegroup
Selects Superior Fire Drills
Construct Mechanized Kompanie
Panzerjäger Mechanized Group
Support Armor Elements
Vehicle Survival Package
Rapid Advance
StuG III D Assault Gun
Emergency Repair Kits
Assault Mechanized Group
8 Rad Armored Car
8 Rad Armored Car
2.5-tonne Medical Truck
Construct Panzerarmee Kommand
Marder III Tank Destroyer
Selects Salvage Kits
Selects Panzer Storm
Assault Mechanized Group
Armored Reserves
Selects Stuka Anti-tank Loiter
Stuka Anti-tank Loiter
Marder III Tank Destroyer
MG34 Team
18-tonne Recovery Half-track
Panzer IV Assault Group
Stuka Anti-tank Loiter
Flak 36 Anti-tank Gun Team
Panzer IV Assault Group
[19PD] Grigor
[19PD] TomJack
[19PD] Captain
Eber
Bernadette La Chouette
Eliasga89
0
0
Comments
sign in to comment!
No comments posted yet!